 Dungeon Crawl Stone Soup version 0.22.1-1-ga44c0e56f4 (webtiles) character file.

207216 Limaeva the Slayer (level 18, -18/144 HPs)
             Began as a Gargoyle Chaos Knight on Oct 10, 2018.
             Demolished by an acid blob (29 damage)
             ... on level 1 of the Pits of Slime.
             The game lasted 02:26:15 (34214 turns).

Limaeva the Slayer (Gargoyle Chaos Knight)         Turns: 34214, Time: 02:26:16

Health: -18/144    AC: 27    Str: 31    XL:     18   Next: 23%
Magic:  21/21      EV: 10    Int: 17    God:    Xom [......]
Gold:   1897       SH: 13    Dex: 13    Spells: 17/17 levels left

rFire    + . .     SeeInvis +   K - +3 whip (flame)
rCold    + . .     Gourm    .   I - +3 buckler
rNeg     + . .     Faith    .   L - +5 scale mail "Qyfreoz" {-Cast rPois MR++ Int+3}
rPois    ∞         Spirit   .   (helmet unavailable)
rElec    +         Reflect  +   E - +2 cloak
rCorr    +         Harm     .   F - +0 pair of gloves
MR       +++..     Clarity  +   r - +2 pair of boots {run} Stlth ..........NoCast +
                                h - +3 amulet of reflection
HPRegen  1.14/turn              X - ring of Grace {+Fly Str+4}
MPRegen  0.17/turn              Y - ring of see invisible

@: resistant, corroded, flying, quick
A: big wings, horns 3, molten scales 1, rugged brown scales 1, thin skeletal
structure 1, agile 1, clarity, high mp 2, mutation resistance 1, negative energy
resistance 1, sense surroundings 1, regeneration 2, electricity resistance,
strong 2, wild magic 1, unbreathing, petrification resistance, rot immunity, AC
+13
}: 2/15 runes: decaying, gossamer
a: Stop Flying, Renounce Religion


You were on level 1 of the Pits of Slime.
You worshipped Xom.
You were a very special plaything of Xom.
You were not hungry.

You visited 7 branches of the dungeon, and saw 29 of its levels.
You also visited: Labyrinth.

You collected 2303 gold pieces.
You spent 406 gold pieces at shops.

Inventory:

Hand Weapons
 i - a +6 whip of freezing
 x - the +1 mace of Obsession {pain, rElec MR+ Int+4 Dex+2}
   (You bought it in a shop on level 2 of the Orcish Mines)

   In the hands of one skilled in necromantic magic, it inflicts extra damage on
   living creatures.
   It affects your intelligence (+4).
   It affects your dexterity (+2).
   It insulates you from electricity.
   It affects your resistance to hostile enchantments.
 A - the +7 fustibalus of Aviv {velocity, rC++ Dex+3}
   (You found it in a labyrinth)

   Any stone fired from it inflicts extra damage.
   It affects your dexterity (+3).
   It greatly protects you from cold.
 K - a +3 whip of flaming (weapon)
Missiles
 V - 2 poisoned tomahawks (quivered)
Armour
 f - a +2 helmet
 r - a +2 pair of boots of running (worn)
 E - a +2 cloak (worn)
 F - a +0 pair of gloves (worn)
 I - a +3 buckler (worn)
 L - the +5 scale mail "Qyfreoz" (worn) {-Cast rPois MR++ Int+3}
   (You found it on level 9 of the Dungeon)

   It affects your intelligence (+3).
   It protects you from poison.
   It affects your resistance to hostile enchantments.
   It prevents spellcasting.
Jewellery
 h - a +3 amulet of reflection (around neck)
 o - an uncursed ring of resist corrosion
 q - an uncursed ring of fire
 z - an uncursed amulet of guardian spirit
 B - an uncursed amulet of harm {unknown}
 D - an uncursed amulet of magic regeneration
 H - an uncursed ring of wizardry
 J - an uncursed ring of protection from fire
 M - an uncursed ring of protection from cold
 X - the ring of Grace (left hand) {+Fly Str+4}
   (You found it on level 6 of the Lair of Beasts)

   [ring of flight]

   It affects your strength (+4).
   It lets you fly.
 Y - a ring of see invisible (right hand)
 Z - a cursed ring of teleportation
Wands
 b - a wand of polymorph (70)
 e - a wand of paralysis (20)
 m - a wand of random effects (38)
 p - a wand of iceblast (63)
 C - a wand of digging (13)
 G - a wand of flame (45)
 P - a wand of acid (7)
 Q - a wand of scattershot (6)
 R - a wand of enslavement (16)
Scrolls
 k - 2 scrolls of fear
 l - a scroll of fog
 s - 10 scrolls of teleportation
 t - 10 scrolls of amnesia
 w - 7 scrolls of remove curse
 y - 3 scrolls of enchant armour
 N - 3 scrolls of identify
 S - 3 scrolls of magic mapping
 W - a scroll of blinking
Potions
 a - 3 potions of brilliance
 d - a potion of curing
 g - 5 potions of haste
 j - a potion of might
 u - 4 potions of ambrosia
 v - 4 potions of flight
 O - 5 potions of agility
 U - 2 potions of cancellation
Miscellaneous
 T - a lightning rod (4/4)
Comestibles
 c - 22 rations


   Skills:
 + Level 24.5 Fighting
 - Level 15.5 Maces & Flails
 - Level 12.2 Armour
 - Level 0.7 Dodging
 - Level 11.1 Shields


You had 17 spell levels left.
You didn't know any spells.
Your spell library contained the following spells:

 Spells                   Type           Power        Failure   Level  Hunger
 Confusing Touch          Hex            #.....       47%         1    ##.....
 Flame Tongue             Conj/Fire      #....        47%         1    ##.....
 Magic Dart               Conj           #...         47%         1    ##.....
 Sandblast                Erth           #.....       47%         1    ##.....
 Sting                    Conj/Pois      #...         47%         1    ##.....
 Blink                    Tloc           N/A          61%         2    ###....
 Call Imp                 Summ           #.......     61%         2    ###....
 Passwall                 Tmut/Erth      #.......     61%         2    ###....
 Poisonous Vapours        Pois/Air       #.....       61%         2    ###....
 Slow                     Hex            #.......     61%         2    ###....
 Throw Flame              Conj/Fire      #.....       61%         2    ###....
 Confuse                  Hex            #.......     83%         3    ####...
 Conjure Flame            Conj/Fire      #.......     83%         3    ####...
 Gell's Gravitas          Tloc           #.........   83%         3    ####...
 Inner Flame              Hex/Fire       #.......     83%         3    ####...
 Mephitic Cloud           Conj/Pois/Air  #.......     83%         3    ####...
 Stone Arrow              Conj/Erth      #.....       83%         3    ####...
 Leda's Liquefaction      Hex/Erth       #.........   99%         4    #####..
 Olgreb's Toxic Radiance  Pois           #.......     99%         4    #####..
 Petrify                  Tmut/Erth      #.......     99%         4    #####..
 Sticky Flame             Conj/Fire      #.......     99%         4    #####..
 Bolt of Magma            Conj/Fire/Erth #.........   100%        5    ######.
 Fireball                 Conj/Fire      #.........   100%        5    ######.
 Lee's Rapid Deconstruct  Erth           #.........   100%        5    ######.
 Metabolic Englaciation   Hex/Ice        #.........   100%        5    ######.
 Venom Bolt               Conj/Pois      #.........   100%        5    ######.
 Yara's Violent Unravell  Hex/Tmut       #.........   100%        5    ######.
 Iron Shot                Conj/Erth      #.........   100%        6    #######
 Shatter                  Erth           #.........   100%        9    #######
 Statue Form              Tmut/Erth      Unusable     N/A         6    N/A

Dungeon Overview and Level Annotations

Branches:
Dungeon (11/15)            Temple (1/1) D:4            Lair (6/6) D:8
  Swamp (4/4) Lair:2       Spider (4/4) Lair:3        Slime (1/5) Lair:5
    Orc (2/2) D:10            Elf (0/3) Orc:2

Altars:
Ashenzari
Cheibriados
Dithmenos
Elyvilon
Fedhas
Gozag
Hepliaklqana
Kikubaaqudgha
Makhleb
Nemelex Xobeh
Okawaru
Qazlal
Ru
Sif Muna
Trog
Uskayaw
Vehumet
Wu Jian
Xom
Yredelemnul
Zin
The Shining One
Jiyva

Shops:
D:5 ?   Orc:2 *!*%(

Annotations:
D:7 exclusion: oklob plant
Lair:4 exclusion: 2 oklob plants


Innate Abilities, Weirdness & Mutations

You are resistant to torment.
Your stone body is resilient. (AC +13)
You are immune to poison.
Your large and strong wings let you fly indefinitely.
You resist negative energy. (rN+)
You are resistant to electric shocks. (rElec)
You can survive without breathing.
You are immune to petrification.
You are immune to rotting.
You have a pair of large horns on your head.
You are partially covered in molten scales. (AC +2)
You are partially covered in rugged brown scales. (AC +1, +3% HP)
You have a somewhat thin skeletal structure. (Dex +2, Stealth)
You are agile. (Dex +2)
You possess an exceptional clarity of mind.
You have a considerably increased reservoir of magic. (+20% MP)
You are somewhat resistant to further mutation.
You passively map a small area around you.
You heal very quickly.
Your muscles are very strong. (Str +4)
Your spells are a little harder to cast, but a little more powerful.


Message History

You hit the acid blob but do no damage.
Your hands burn!
* * * LOW HITPOINT WARNING * * *
The acid blob spits acid at you. The splash of acid hits you!
You are splashed with acid!
The acid burns!
You resist.
* * * LOW HITPOINT WARNING * * *
Unknown command.
You feel better. The acid blob barely misses you.
You hit the acid blob. You burn the acid blob.
Your hands burn!
* * * LOW HITPOINT WARNING * * *
You headbutt the acid blob, but do no damage.
The acid blob is lightly wounded.
You block the slime creature's attack. The acid blob spits acid at you.
The splash of acid hits you! The acid corrodes you!
You are splashed with acid!
The acid burns!
You resist.
* * * LOW HITPOINT WARNING * * *
You feel better. The acid blob hits you!!
You die...
Xom giggles madly!

* ....... ##.......
##........ ###### ###
##.....#...
##.#.#.##.###.....#....
#..........#.....#.....
#..#.#..........###....
, .........J.....##
...#, ##
###.##....@J....## * .##
##.####.#.#.......#.###
* *#,
#..........#.....#...# *
#......#...........##..
* ,
###....#..........##...
##.......#.##.#.........
,
#..........#............
##......................
*
##.#..#..........#.....#


You could see an acid blob and a slime creature.

Vanquished Creatures
  Nikola (Spider:4)
  A bone dragon (Swamp:4)
  Kirke (Lair:5)
  2 thorn hunters
  An azure jelly (Slime:1)
  Roxanne (Spider:4)
  4 emperor scorpions (Spider:3)
  3 ghost moths
  Nessos (Lair:4)
  A dire elephant (Lair:5)
  A minotaur (Lab)
  A spark wasp (Lair:2)
  The ghost of Lavvayk the Grappler, a journeyman TrMo of Okawaru (Lair:3)
  A great orb of eyes (Swamp:4)
  An ice dragon (shapeshifter) (Swamp:1)
  Fannar (D:10)
  Erolcha (D:10)
  9 hydras
  5 ghost crabs
  Harold (D:10)
  A merfolk avatar (Lair:6)
  A queen ant (Lair:1)
  5 alligators
  2 ogre magi (Orc:2)
  A satyr (Swamp:4)
  7 two-headed ogres
  A deep elf knight (Swamp:2)
  A deep troll (Orc:2)
  3 spriggan druids
  A death drake (Swamp:4)
  3 sea snakes
  A glowing orange brain (Spider:2)
  A spectral hydra (Swamp:4)
  4 swamp dragons
  A cyclops (Orc:2)
  An orc knight (D:10)
  A shambling mangrove (Swamp:4)
  2 harpies (Lair:6)
  18 orb spiders
  Pikel (D:8)
  21 wolf spiders
  A mana viper (Spider:4)
  4 black mambas
  6 elephants
  16 spiny frogs
  A spiny frog (shapeshifter) (Spider:3)
  2 torpor snails
  6 swamp worm zombies (Swamp:4)
  5 demonic crawlers
  A rime drake (Lair:6)
  17 komodo dragons
  5 hydra zombies (Swamp:4)
  14 hornets
  29 jumping spiders
  A wind drake (Spider:2)
  A merfolk (Spider:3)
  7 trolls
  9 tyrant leeches
  6 polar bears
  9 blink frogs
  4 dream sheep (Lair:4)
  14 slime creatures
  12 bog bodies
  3 alligator zombies (Swamp:4)
  2 spectral swamp dragons (Swamp:4)
  8 hippogriffs
  29 tarantellas
  12 spriggans
  55 redbacks
  A wyvern (Lair:6)
  25 yaks
  2 basilisks
  12 swamp worms
  14 vampire mosquitoes
  A warg (Orc:2)
  25 insubstantial wisps
  16 water moccasins
  6 swamp drakes
  9 porcupines
  11 orc warriors
  2 sky beasts
  A black bear (Lair:5)
  17 ogres
  5 phantoms (Swamp:4)
  2 swamp dragon zombies (Swamp:4)
  27 wolves
  A centaur (D:10)
  17 crocodiles
  Blork the orc (D:6)
  9 bullfrogs
  A scorpion (D:3)
  5 killer bees (D:9)
  A killer bee (shapeshifter) (D:6)
  4 electric eels
  A howler monkey (D:6)
  7 crimson imps
  11 orc priests
  A jelly (D:8)
  5 hounds
  Crazy Yiuf (D:4)
  Ijyb (D:5)
  A bullfrog skeleton (D:10)
  15 orc wizards
  3 iguanas
  A spectral swamp drake (Swamp:4)
  7 hell rats (Lair:5)
  3 worker ants
  A killer bee zombie (D:9)
  A hound skeleton (D:4)
  3 gnolls (D:5)
  2 worker ant zombies
  A howler monkey skeleton (D:8)
  13 adders
  4 swamp drake zombies (Swamp:4)
  2 shadow imps (D:6)
  An ooze (D:7)
  3 worms
  6 leopard geckos
  43 orcs
  6 giant cockroaches
  6 goblins
  12 hobgoblins
  7 jackals
  5 quokkas
  4 ball pythons
  8 bats
  9 frilled lizards
  A jackal skeleton (D:7)
  6 kobolds
  2 leopard gecko skeletons
  9 rats
821 creatures vanquished.

Vanquished Creatures (collateral kills)
  A wolf spider (Spider:2)
  A cyclops (Orc:2)
  2 jumping spiders
  3 hornets
  A bog body (Swamp:2)
  3 dream sheep (Lair:4)
  A spriggan (Swamp:1)
  An orc warrior (D:10)
  A swamp drake (Swamp:2)
  2 ogres
  A phantom (D:10)
  A bullfrog (D:10)
  An orc priest (D:10)
  8 orcs
  2 plants
29 creatures vanquished.

Vanquished Creatures (others)
  2 ghost moths (Spider:4)
  An alligator (Swamp:4)
  2 two-headed ogres
  A dancing weapon (Swamp:1)
  A deep troll (Orc:1)
  A swamp dragon (Swamp:2)
  A phantasmal warrior (Swamp:4)
  2 wolf spiders (Spider:4)
  A wizard (D:5)
  A cyclops (Orc:2)
  A spiny frog (Swamp:4)
  A demonic crawler (Spider:1)
  2 jumping spiders
  A hornet (Swamp:4)
  A tyrant leech (Swamp:4)
  Sigmund (D:2)
  2 tarantellas (Spider:4)
  6 insubstantial wisps (Swamp:4)
  A swamp drake (shapeshifter) (Orc:1)
  3 slaves (D:8)
  2 ogres
  2 phantoms (Swamp:4)
  2 wolves (D:8)
  2 orc wizards (D:8)
  An orc (D:8)
  5 briar patches (Swamp:1)
  10 fungi
  12 plants
68 creatures vanquished.

Grand Total: 918 creatures vanquished

Notes
Turn   | Place    | Note
-------+----------+-------------------------------------------
     0 | D:1      | Limaeva the Gargoyle Chaos Knight began the quest for the
                  | Orb.
     0 | D:1      | Reached XP level 1. HP: 14/14 MP: 1/1
   107 | D:1      | XOM: harmless Erth miscast
   179 | D:1      | XOM: divination: detect items
   285 | D:1      | XOM: silly message
   289 | D:1      | Reached XP level 2. HP: 15/19 MP: 2/2
   399 | D:1      | XOM: silly message
   462 | D:1      | Reached skill level 4 in Fighting
   556 | D:1      | XOM: divination: magic mapping
   578 | D:1      | Reached XP level 3. HP: 24/24 MP: 3/3
   820 | D:1      | XOM: harmless Hex miscast
  1046 | D:2      | XOM: confuse monster(s)
  1056 | D:2      | Found a glowing golden altar of the Shining One.
  1169 | D:2      | XOM: harmless Hex miscast
  1211 | D:2      | XOM: divination: magic mapping
  1227 | D:2      | Reached skill level 5 in Fighting
  1234 | D:2      | XOM: harmless Necr miscast
  1260 | D:2      | Reached XP level 4. HP: 27/31 MP: 4/4
  1267 | D:2      | Gained mutation: Scrolls take you a little longer to read.
                  | [potion of mutation]
  1267 | D:2      | Gained mutation: You are agile. (Dex +2) [potion of
                  | mutation]
  1267 | D:2      | Gained mutation: You are partially covered in large bone
                  | plates. (SH +4) [potion of mutation]
  1381 | D:2      | Noticed Sigmund
  1385 | D:2      | XOM: fog
  1390 | D:2      | Killed Sigmund
  1390 | D:2      | XOM: divine lightning
  1760 | D:3      | Found an opulent altar of Gozag.
  1861 | D:3      | Noticed a sky beast
  1873 | D:3      | Killed a sky beast
  1873 | D:3      | Reached skill level 6 in Fighting
  1873 | D:3      | Reached XP level 5. HP: 37/37 MP: 5/5
  1920 | D:3      | Noticed an ogre
  1943 | D:3      | XOM: 1-stop teleportation journey
  2007 | D:3      | Killed an ogre
  2007 | D:3      | Reached skill level 7 in Fighting
  2007 | D:3      | Reached XP level 6. HP: 44/44 MP: 6/6
  2021 | D:3      | XOM: god gift: glowing centaur barding {god gift}
  2124 | D:3      | XOM: torment (34/44 hp)
  2299 | D:3      | XOM: confuse monster(s)
  2319 | D:3      | XOM: enchant monster (good)
  2362 | D:3      | Reached skill level 8 in Fighting
  2433 | D:3      | Found a radiant altar of Vehumet.
  2540 | D:3      | Found a hazy altar of Hepliaklqana.
  2547 | D:3      | Found a shadowy altar of Dithmenos.
  2616 | D:3      | Reached XP level 7. HP: 31/50 MP: 7/7
  2621 | D:3      | XOM: give mutations
  2621 | D:3      | Gained mutation: Your spells are a little harder to cast,
                  | but a little more powerful. [Xom's grace]
  2621 | D:3      | Gained mutation: You have a pair of small antennae on your
                  | head. [Xom's grace]
  2621 | D:3      | Gained mutation: You have large cloven feet. [Xom's grace]
  3023 | D:4      | Found a staircase to the Ecumenical Temple.
  3035 | Temple   | Entered the Ecumenical Temple
  3503 | D:4      | Found a runed door.
  3507 | D:4      | Noticed Crazy Yiuf
  3516 | D:4      | Killed Crazy Yiuf
  3597 | D:4      | Reached skill level 9 in Fighting
  3726 | D:4      | XOM: summons friendly quasit
  3887 | D:4      | XOM: polymorph quasit -> white imp
  3939 | D:4      | XOM: mild Summ miscast
  4185 | D:5      | Entered Level 5 of the Dungeon
  4208 | D:5      | Found Usexo's Magic Scroll Boutique.
  4213 | D:5      | Found a bloodstained altar of Trog.
  4247 | D:5      | Bought a scroll of enchant weapon for 75 gold pieces
  4247 | D:5      | Bought a scroll of enchant weapon for 75 gold pieces
  4295 | D:5      | XOM: smoke on damage
  4474 | D:5      | XOM: blink monster(s)
  4483 | D:5      | Reached skill level 10 in Fighting
  4483 | D:5      | Reached XP level 8. HP: 44/57 MP: 8/8
  4572 | D:5      | Found a basalt altar of Yredelemnul.
  4585 | D:5      | Noticed Ijyb
  4595 | D:5      | Killed Ijyb
  4728 | D:5      | Noticed a wizard
  4730 | D:5      | Killed a wizard
  4973 | D:6      | XOM: swap monsters
  5030 | D:6      | Found a basalt altar of Yredelemnul.
  5136 | D:6      | XOM: summons 4 hostile demons
  5178 | D:6      | Noticed Blork the orc
  5188 | D:6      | Killed Blork the orc
  5188 | D:6      | Reached skill level 5 in Maces & Flails
  5196 | D:6      | XOM: give mutations
  5196 | D:6      | Lost mutation: You are partially covered in large bone
                  | plates. (SH +4) [Xom's mischief]
  5196 | D:6      | Lost mutation: You are agile. (Dex +2) [Xom's mischief]
  5307 | D:7      | XOM: polymorph orc -> quokka
  5311 | D:6      | XOM: divination: magic mapping
  5324 | D:6      | XOM: harmless Ice miscast
  5618 | D:7      | XOM: swap monsters
  5644 | D:7      | XOM: harmless Hex miscast
  5692 | D:7      | XOM: summons 4 hostile demons
  5852 | D:7      | XOM: summons 4 hostile demons
  6063 | D:7      | Noticed a hippogriff
  6072 | D:7      | Killed a hippogriff
  6072 | D:7      | Reached XP level 9. HP: 45/62 MP: 9/9
  6235 | D:7      | Lost mutation: You have large cloven feet. [potion of
                  | mutation]
  6235 | D:7      | Lost mutation: Scrolls take you a little longer to read.
                  | [potion of mutation]
  6235 | D:7      | Gained mutation: You have sharp toenails. [potion of
                  | mutation]
  6235 | D:7      | Gained mutation: You are robust. (+10% HP) [potion of
                  | mutation]
  6235 | D:7      | Gained mutation: You are surrounded by a mild repulsion
                  | field. (EV +2) [potion of mutation]
  6235 | D:7      | Gained mutation: You possess an exceptional clarity of
                  | mind. [potion of mutation]
  6347 | D:7      | XOM: god gift: flail {god gift}
  6410 | D:7      | Found a blossoming altar of Fedhas.
  6432 | D:7      | Noticed an oklob plant
  6686 | D:8      | Found a staircase to the Lair.
  6702 | D:8      | Found a white marble altar of Elyvilon.
  6731 | D:8      | XOM: potion effect (brilliance)
  7015 | D:8      | Reached skill level 10 in Maces & Flails
  7110 | D:8      | XOM: harmless Ice miscast
  7120 | D:8      | XOM: harmless Fire miscast
  7123 | D:8      | Noticed Pikel
  7132 | D:8      | Paralysed by Pikel for 5 turns
  7145 | D:8      | Killed Pikel
  7151 | D:8      | Reached skill level 5 in Armour
  7152 | D:8      | Reached XP level 10. HP: 66/74 MP: 10/10
  7417 | D:8      | Found a sacrificial altar of Ru.
  7426 | D:8      | XOM: potion effect (might)
  7543 | D:8      | XOM: harmless Necr miscast
  7693 | D:9      | XOM: stealth player
  7795 | D:9      | XOM: potion effect (haste)
  8074 | D:9      | XOM: divination: detect items
  8135 | D:9      | XOM: potion effect (might)
  8211 | D:9      | Got an obsidian-encrusted scale mail
  8213 | D:9      | Identified the +5 scale mail "Qyfreoz" {-Cast rPois MR++
                  | Int+3} (You found it on level 9 of the Dungeon)
  8225 | D:9      | XOM: cloud trail
  8318 | D:10     | Entered Level 10 of the Dungeon
  8350 | D:10     | XOM: cloud trail
  8491 | D:10     | XOM: cast spell 'Shadow Creatures'
  8762 | D:10     | Noticed Erolcha
  8773 | D:10     | Killed Erolcha
  8807 | D:10     | Got a polished trident
  8808 | D:10     | Identified the +1 trident of the Spider {venom, rPois Str-4
                  | Dex+4} (You found it on level 10 of the Dungeon)
  8823 | D:10     | XOM: 2-stop teleportation journey
  9017 | D:10     | Reached skill level 10 in Armour
  9033 | D:10     | Noticed Harold
  9049 | D:10     | Killed Harold
  9109 | D:10     | XOM: cloud trail
  9133 | D:10     | Noticed Fannar
  9150 | D:10     | XOM: potion effect (might)
  9155 | D:10     | Killed Fannar
  9155 | D:10     | Reached XP level 11. HP: 53/79 MP: 11/11
  9366 | D:10     | XOM: scenery: create altars
  9546 | D:10     | XOM: god gift: wand of acid (7)
  9604 | D:10     | XOM: chaos upgrade
  9651 | D:10     | Noticed an orc knight
  9654 | D:10     | XOM: draining
  9662 | D:10     | XOM: summons 1 hostile demon
  9669 | D:10     | XOM: enchant monster (bad)
  9679 | D:10     | Killed an orc knight
  9824 | D:10     | XOM: medium Necr miscast
  9831 | D:10     | Found a staircase to the Orcish Mines.
 10415 | Lair:1   | Entered Level 1 of the Lair of Beasts
 10482 | Lair:1   | Noticed a four-headed hydra
 10489 | Lair:1   | Noticed a queen ant
 10489 | Lair:1   | a four-headed hydra changed into a queen ant
 10489 | Lair:1   | XOM: polymorph four-headed hydra -> queen ant
 10507 | Lair:1   | Killed a queen ant
 10567 | Lair:1   | XOM is BORED!
 10567 | Lair:1   | XOM: give mutations
 10567 | Lair:1   | Lost mutation: You possess an exceptional clarity of mind.
                  | [Xom's mischief]
 10567 | Lair:1   | Gained mutation: You are partially covered in large bone
                  | plates. (SH +4) [Xom's mischief]
 10567 | Lair:1   | Lost mutation: Your spells are a little harder to cast, but
                  | a little more powerful. [Xom's mischief]
 10746 | Lair:1   | Reached skill level 11 in Fighting
 10752 | Lair:1   | XOM: confuse monster(s)
 10768 | Lair:1   | XOM: fog
 10773 | Lair:1   | XOM: confuse monster(s)
 10776 | Lair:1   | XOM: polymorph wolf -> wolf
 10948 | Lair:1   | XOM: fog
 11062 | Lair:1   | XOM: 3-stop teleportation journey
 11313 | Lair:1   | XOM: scenery: 2 doors open
 11318 | Lair:1   | XOM: potion effect (agility)
 11323 | Lair:1   | Reached skill level 12 in Fighting
 11738 | Lair:2   | XOM: fake destruction
 11795 | Lair:2   | XOM: cleaving
 11805 | Lair:2   | XOM: 3-stop teleportation journey
 11903 | Lair:2   | Found a staircase to the Swamp.
 11906 | Lair:2   | XOM: fake destruction
 12084 | Lair:2   | Noticed an eight-headed hydra
 12091 | Lair:2   | XOM: divination: magic mapping
 12096 | Lair:2   | Killed an eight-headed hydra
 12096 | Lair:2   | Reached skill level 13 in Fighting
 12096 | Lair:2   | Reached XP level 12. HP: 68/92 MP: 12/12
 12400 | Lair:2   | XOM: medium Necr miscast
 12733 | Lair:2   | XOM: mild Hex miscast
 12755 | Lair:2   | XOM: confusion (+ monsters)
 13179 | Lair:3   | XOM: swap monsters
 13186 | Lair:3   | XOM: enchant monster (bad)
 13206 | Lair:3   | XOM: enchant monster (good)
 13219 | Lair:3   | Reached skill level 14 in Fighting
 13308 | Lair:3   | XOM: noise
 13320 | Lair:3   | XOM: harmless Necr miscast
 13410 | Lair:3   | XOM: noise
 13421 | Lair:3   | Found a hole to the Spider Nest.
 13686 | Lair:3   | XOM: silly message
 13728 | Lair:3   | XOM: potion effect (brilliance)
 13738 | Lair:3   | XOM: potion effect (agility)
 13748 | Lair:3   | XOM: silly message
 13775 | Lair:3   | Reached skill level 15 in Fighting
 13788 | Lair:3   | Reached skill level 1 in Shields
 13882 | Lair:3   | Found a runed gate.
 13883 | Lair:3   | Found a runed gate.
 13883 | Lair:3   | Noticed Lavvayk's ghost (journeyman TrMo)
 13886 | Lair:3   | Found a runed gate.
 13932 | Lair:3   | XOM: potion effect (brilliance)
 13944 | Lair:3   | XOM: potion effect (brilliance)
 13953 | Lair:3   | XOM: summons 6 friendly demons
 13983 | Lair:3   | XOM: enchant monster (good)
 13986 | Lair:3   | XOM: potion effect (agility)
 14002 | Lair:3   | XOM: harmless Tmut miscast
 14020 | Lair:3   | XOM: potion effect (brilliance)
 14042 | Lair:3   | Killed Lavvayk's ghost
 14042 | Lair:3   | Reached skill level 5 in Shields
 14111 | Lair:3   | XOM: divination: detect items
 14231 | Lair:3   | XOM: medium Tloc miscast
 14580 | Lair:3   | XOM: give mutations
 14580 | Lair:3   | Gained mutation: Your spells are a little easier to cast,
                  | but a little less powerful. [Xom's mischief]
 14580 | Lair:3   | Gained mutation: You are dopey. (Int -2) [Xom's mischief]
 14580 | Lair:3   | Lost mutation: You have a pair of small antennae on your
                  | head. [Xom's mischief]
 14580 | Lair:3   | Lost mutation: You are surrounded by a mild repulsion
                  | field. (EV +2) [Xom's mischief]
 14637 | Lair:4   | Found a labyrinth entrance.
 14648 | Lab      | Entered a labyrinth
 14936 | Lab      | XOM: 1-stop teleportation journey
 14955 | Lab      | XOM: 1-stop teleportation journey
 15460 | Lab      | XOM: severe Conj miscast
 15548 | Lab      | XOM is BORED!
 15884 | Lab      | Noticed a minotaur
 15896 | Lab      | XOM: harmless Tmut miscast
 15899 | Lab      | Killed a minotaur
 15902 | Lab      | Got an ivory fustibalus
 15902 | Lab      | Got a jewelled ring mail
 15902 | Lab      | Got a pair of slimy boots
 15903 | Lab      | Identified the +7 fustibalus of Aviv {velocity, rC++ Dex+3}
                  | (You found it in a labyrinth)
 15904 | Lab      | Identified the +2 ring mail of Cafudi {rElec rF++} (You
                  | found it in a labyrinth)
 15905 | Lab      | Identified the +2 pair of boots "Puqei" {+Fly Slay-5
                  | Stlth+} (You found it in a labyrinth)
 15940 | Lair:4   | XOM: mild Pois miscast
 16103 | Lair:4   | XOM: enchant monster (bad)
 16129 | Lair:4   | XOM: 2-stop teleportation journey
 16142 | Lair:4   | Reached XP level 13. HP: 86/101 MP: 13/13
 16188 | Lair:4   | XOM: 4-stop teleportation journey
 16249 | Lair:4   | XOM: summons 5 friendly demons
 16410 | Lair:4   | Noticed Nessos
 16416 | Lair:4   | XOM: summons friendly shadow imp
 16416 | Lair:4   | XOM: smoke on damage
 16430 | Lair:4   | Killed Nessos
 16585 | Lair:4   | XOM: scenery: create altars
 16973 | Lair:4   | XOM: god gift: ring mail {god gift}
 16991 | Lair:4   | XOM: give mutations
 16991 | Lair:4   | Gained mutation: You have an increased reservoir of magic.
                  | (+10% MP) [Xom's grace]
 16991 | Lair:4   | Gained mutation: You have a somewhat thin skeletal
                  | structure. (Dex +2, Stealth) [Xom's grace]
 17237 | Lair:5   | XOM: scenery: create altars
 17256 | Lair:5   | XOM: summons 5 friendly demons
 17293 | Lair:5   | Reached skill level 10 in Shields
 17427 | Lair:5   | Found a viscous altar of Jiyva.
 17428 | Lair:5   | Found a staircase to the Slime Pits.
 17459 | Lair:5   | XOM: mild Fire miscast
 17492 | Lair:5   | XOM: polymorph elephant -> tarantella
 17495 | Lair:5   | XOM: enchant monster (bad)
 17500 | Lair:5   | XOM: summons friendly shadow imp
 17503 | Lair:5   | XOM: confuse monster(s)
 17558 | Lair:5   | Lost mutation: You are dopey. (Int -2) [potion of mutation]
 17558 | Lair:5   | Lost mutation: Your spells are a little easier to cast, but
                  | a little less powerful. [potion of mutation]
 17558 | Lair:5   | Lost mutation: You have sharp toenails. [potion of
                  | mutation]
 17558 | Lair:5   | Gained mutation: You have sharp toenails. [potion of
                  | mutation]
 17558 | Lair:5   | Gained mutation: Your muscles are strong. (Str +2) [potion
                  | of mutation]
 17559 | Lair:5   | Lost mutation: You are partially covered in large bone
                  | plates. (SH +4) [potion of mutation]
 17559 | Lair:5   | Lost mutation: You are robust. (+10% HP) [potion of
                  | mutation]
 17559 | Lair:5   | Gained mutation: Your body sometimes deteriorates upon
                  | taking damage. [potion of mutation]
 17559 | Lair:5   | Gained mutation: You are agile. (Dex +2) [potion of
                  | mutation]
 17623 | Lair:5   | XOM: noise
 17698 | Lair:5   | XOM: god gift: 2 needles of sleeping
 18069 | Lair:5   | XOM: potion effect (brilliance)
 18079 | Lair:5   | XOM: noise
 18220 | Lair:5   | Found a hide-covered altar of Uskayaw.
 18413 | Lair:6   | Entered Level 6 of the Lair of Beasts
 18450 | Lair:6   | XOM: potion effect (agility)
 18545 | Lair:6   | Got a fine ivory ring
 18546 | Lair:6   | Identified the ring of Grace {+Fly Str+4} (You found it on
                  | level 6 of the Lair of Beasts)
 18557 | Lair:6   | Noticed a dire elephant
 18579 | Lair:6   | XOM: noise
 18590 | Lair:6   | XOM: harmless Fire miscast
 18763 | Lair:5   | XOM: divination: detect creatures
 18766 | Lair:5   | XOM: summons 3 friendly demons
 18770 | Lair:5   | XOM: fake destruction
 18775 | Lair:5   | XOM: potion effect (haste)
 18806 | Lair:5   | Killed a dire elephant
 19159 | Lair:6   | Gained mutation: Your large and strong wings let you fly
                  | indefinitely. [Gargoyle growth]
 19159 | Lair:6   | Reached XP level 14. HP: 67/98 MP: 15/15
 19237 | Lair:6   | XOM: 3-stop teleportation journey
 19238 | Lair:6   | XOM: summons friendly quasit
 19365 | Lair:5   | XOM: harmless Tloc miscast
 19497 | Lair:6   | XOM: noise
 19498 | Lair:6   | XOM: blink monster(s)
 19705 | Lair:6   | Noticed Kirke
 19721 | Lair:5   | XOM: blink monster(s)
 19724 | Lair:5   | XOM: confusion
 19738 | Lair:5   | Killed Kirke
 19793 | Lair:6   | XOM: god gift: wand of polymorph (16)
 19873 | Lair:6   | XOM: cast spell 'Death Channel'
 20043 | Lair:6   | XOM: harmless Pois miscast
 20050 | Lair:6   | XOM: potion effect (might)
 20079 | Lair:6   | Identified a +2 pair of boots of running (You found it on
                  | level 6 of the Lair of Beasts)
 20254 | Lair:6   | XOM: mild Tloc miscast
 20621 | Swamp:1  | Entered Level 1 of the Swamp
 20638 | Swamp:1  | XOM: divination: detect items
 20686 | Lair:2   | XOM: confuse monster(s)
 20938 | Lair:1   | XOM: medium Hex miscast
 21016 | Lair:2   | XOM is BORED!
 21016 | Lair:2   | XOM: summons 1 hostile demon
 21051 | Lair:2   | XOM: noise
 21057 | Lair:2   | XOM: noise
 21142 | Lair:1   | XOM: give mutations
 21142 | Lair:1   | Lost mutation: Your body sometimes deteriorates upon taking
                  | damage. [Xom's mischief]
 21142 | Lair:1   | Gained mutation: You are partially covered in molten
                  | scales. (AC +2) [Xom's mischief]
 21142 | Lair:1   | Gained mutation: Your spells are a little harder to cast,
                  | but a little more powerful. [Xom's mischief]
 21269 | Lair:2   | XOM: polymorph eight-headed hydra -> spark wasp
 21523 | Orc:1    | Entered Level 1 of the Orcish Mines
 21528 | Orc:1    | XOM: harmless Conj miscast
 21640 | Orc:2    | Entered Level 2 of the Orcish Mines
 21692 | Orc:2    | XOM: cast spell 'Cause Fear'
 21693 | Orc:2    | XOM: harmless Hex miscast
 21696 | Orc:2    | XOM: noise
 21705 | Orc:2    | XOM: divination: detect creatures
 21706 | Orc:2    | XOM: polymorph troll -> spriggan
 21722 | Orc:2    | XOM: confuse monster(s)
 21763 | Orc:2    | XOM: summons friendly crimson imp
 21771 | Orc:2    | XOM: harmless Hex miscast
 21778 | Orc:2    | XOM: polymorph ogre -> crocodile
 21927 | Orc:2    | XOM: potion effect (experience)
 21927 | Orc:2    | Reached skill level 15 in Maces & Flails
 21927 | Orc:2    | Reached XP level 15. HP: 103/103 MP: 16/16
 21945 | Orc:1    | XOM: destruction
 21947 | Orc:1    | XOM: divine lightning
 21965 | Orc:1    | XOM: stat loss: -1 Str (26/27)
 22175 | Orc:1    | XOM: scenery: create altars
 22186 | Orc:1    | XOM: summons 6 friendly demons
 22190 | Orc:1    | XOM: confuse monster(s)
 22217 | Orc:2    | XOM: destruction
 22218 | Orc:2    | XOM: potion effect (berserk rage)
 22222 | Orc:2    | XOM: summons friendly crimson imp
 22232 | Orc:2    | XOM: harmless Fire miscast
 22523 | Orc:2    | XOM: divination: detect items
 22596 | Orc:2    | Found Qayta's Antique Weapon Shoppe.
 22599 | Orc:2    | XOM: enchant monster (good)
 22651 | Orc:2    | Bought a shimmering mace for 256 gold pieces
 22651 | Orc:2    | Identified the cursed +1 mace of Obsession {pain, rElec MR+
                  | Int+4 Dex+2} (You bought it in a shop on level 2 of the
                  | Orcish Mines)
 22759 | Orc:2    | XOM: confuse monster(s)
 22779 | Orc:2    | Found Weumeg's Food Boutique.
 22781 | Orc:2    | Found Jannyeshri's Assorted Antiques.
 22781 | Orc:2    | Found Lankuola's Distillery.
 22782 | Orc:2    | Found Tigaops's Assorted Antiques.
 22789 | Orc:2    | Found a staircase to the Elven Halls.
 22821 | Orc:2    | XOM: potion effect (agility)
 22834 | Orc:2    | Reached skill level 16 in Fighting
 23207 | Spider:1 | Entered Level 1 of the Spider Nest
 23227 | Lair:3   | XOM: harmless Summ miscast
 23228 | Lair:3   | XOM: enchant monster (good)
 23237 | Lair:3   | XOM: confusion (+ monsters)
 23250 | Lair:3   | XOM: give mutation
 23250 | Lair:3   | Lost mutation: You are agile. (Dex +2) [Xom's mischief]
 23571 | Spider:1 | XOM: mild Hex miscast
 23827 | Spider:1 | XOM: summons 3 hostile demons
 23940 | Spider:1 | XOM: confusion (+ monsters)
 23965 | Spider:1 | XOM: enchant monster (good)
 23982 | Spider:1 | XOM: confuse monster(s)
 24013 | Spider:1 | XOM: summons friendly shadow imp
 24217 | Spider:1 | XOM: give mutations
 24217 | Spider:1 | Gained mutation: You have a considerably increased
                  | reservoir of magic. (+20% MP) [Xom's grace]
 24217 | Spider:1 | Gained mutation: You have a pair of small horns on your
                  | head. [Xom's grace]
 24217 | Spider:1 | Gained mutation: You have a pair of horns on your head.
                  | [Xom's grace]
 24355 | Lair:3   | Reached XP level 16. HP: 109/111 MP: 19/19
 24394 | Spider:1 | XOM: divine lightning
 24399 | Spider:1 | XOM: harmless Pois miscast
 24437 | Spider:1 | XOM: 2-stop teleportation journey
 24466 | Spider:1 | XOM: silly message
 24602 | Spider:1 | XOM: god gift: 24 sling bullets
 24625 | Spider:1 | XOM: enchant monster (good)
 24635 | Spider:1 | Reached skill level 17 in Fighting
 24651 | Spider:1 | XOM: polymorph redback -> jumping spider
 24781 | Spider:1 | XOM: mild Hex miscast
 25355 | Spider:2 | XOM: enchant monster (bad)
 25433 | Spider:2 | XOM: polymorph jumping spider -> wind drake
 25471 | Spider:2 | XOM: give mutations
 25471 | Spider:2 | Gained mutation: Your spells are harder to cast, but more
                  | powerful. [Xom's grace]
 25471 | Spider:2 | Gained mutation: You are somewhat resistant to further
                  | mutation. [Xom's grace]
 25471 | Spider:2 | Gained mutation: Your natural rate of healing is unusually
                  | fast. [Xom's grace]
 25567 | Spider:2 | XOM: enchant monster (bad)
 25573 | Spider:2 | XOM: polymorph tarantella -> glowing orange brain
 25980 | Spider:2 | XOM: 7-stop teleportation journey
 26106 | Spider:2 | XOM: cloud trail
 26233 | Spider:2 | XOM: cleaving
 26237 | Spider:2 | XOM: enchant monster (good)
 26265 | Spider:2 | XOM: medium Hex miscast
 26291 | Spider:2 | XOM: noise
 26423 | Spider:2 | XOM: 3-stop teleportation journey
 26504 | Spider:2 | XOM: silly message
 26705 | Spider:2 | XOM: harmless Ice miscast
 26766 | Spider:2 | XOM: mild Air miscast
 26823 | Spider:2 | XOM: stat loss: -1 Dex (10/11)
 26900 | Spider:2 | XOM: summons 2 hostile demons
 26947 | Spider:3 | XOM: repel stairs
 26967 | Spider:3 | XOM: enchant monster (bad)
 26974 | Spider:3 | XOM: blink monster(s)
 26981 | Spider:3 | XOM: fake destruction
 27040 | Spider:2 | XOM: enchant monster (good)
 27043 | Spider:2 | Reached skill level 18 in Fighting
 27078 | Spider:3 | XOM: summons friendly crimson imp
 27297 | Spider:3 | XOM: divination: magic mapping
 27319 | Spider:3 | XOM: cast spell 'Cause Fear'
 27380 | Spider:3 | XOM: confuse monster(s)
 27410 | Spider:3 | XOM: enchant monster (good)
 27769 | Spider:4 | Entered Level 4 of the Spider Nest
 27770 | Spider:4 | XOM: potion effect (might)
 27803 | Spider:4 | XOM: harmless Hex miscast
 27810 | Spider:4 | Noticed Roxanne
 27822 | Spider:4 | Reached skill level 19 in Fighting
 27896 | Spider:4 | Noticed Nikola
 27924 | Spider:4 | Killed Nikola
 27929 | Spider:4 | XOM: enchant monster (good)
 28084 | Spider:4 | XOM: potion effect (agility)
 28095 | Spider:4 | XOM: divination: magic mapping
 28126 | Spider:4 | XOM: mild Erth miscast
 28185 | Spider:4 | Reached skill level 20 in Fighting
 28221 | Spider:4 | XOM: enchant monster (good)
 28247 | Spider:4 | XOM: potion effect (heal wounds)
 28311 | Spider:4 | XOM: divination: detect items
 28316 | Spider:4 | XOM: silly message
 28341 | Spider:4 | XOM: cast spell 'Summon Butterflies'
 28361 | Spider:4 | XOM: harmless Erth miscast
 28366 | Spider:4 | XOM: swap monsters
 28384 | Spider:4 | XOM: confuse monster(s)
 28411 | Spider:4 | XOM: harmless Necr miscast
 28484 | Spider:4 | XOM: summons friendly quasit
 28491 | Spider:4 | XOM: confuse monster(s)
 28495 | Spider:4 | XOM: cast spell 'Ring of Flames'
 28496 | Spider:4 | XOM: confuse monster(s)
 28512 | Spider:4 | Reached skill level 21 in Fighting
 28512 | Spider:4 | Reached XP level 17. HP: 96/126 MP: 0/20
 28514 | Spider:4 | XOM: cleaving
 28531 | Spider:4 | XOM: cast spell 'Disjunction'
 28539 | Spider:4 | XOM: fog
 28542 | Spider:4 | XOM: summons friendly shadow imp
 28544 | Spider:4 | XOM: destruction
 28547 | Spider:4 | XOM: enchant monster (good)
 28560 | Spider:4 | XOM: potion effect (agility)
 28571 | Spider:4 | XOM: polymorph wolf spider -> merfolk
 28578 | Spider:4 | XOM: enchant monster (good)
 28614 | Spider:3 | XOM: enchant monster (good)
 28760 | Spider:3 | XOM: enchant monster (good)
 28774 | Spider:3 | XOM: polymorph hornet -> hog
 28801 | Spider:3 | XOM: summons 2 friendly demons
 28816 | Spider:3 | XOM: summons friendly crimson imp
 28833 | Spider:3 | XOM: noise
 28836 | Spider:3 | XOM: confusion (+ monsters)
 28878 | Spider:3 | XOM: noise
 29000 | Spider:3 | XOM: divination: detect creatures
 29010 | Spider:3 | XOM: noise
 29012 | Spider:3 | XOM: silly message
 29047 | Spider:3 | XOM: summons friendly crimson imp
 29093 | Spider:3 | Reached skill level 22 in Fighting
 29313 | Spider:4 | Got a gossamer rune of Zot
 29417 | Spider:4 | XOM: polymorph tarantella -> mana viper
 29438 | Spider:4 | XOM: give mutations
 29438 | Spider:4 | Gained mutation: You are agile. (Dex +2) [Xom's grace]
 29438 | Spider:4 | Gained mutation: Your muscles are very strong. (Str +4)
                  | [Xom's grace]
 29462 | Spider:4 | XOM: divination: detect creatures
 29465 | Spider:4 | XOM: cleaving
 29487 | Spider:4 | Killed Roxanne
 29768 | Swamp:1  | XOM: polymorph alligator -> ice dragon
 29838 | Swamp:1  | XOM: silly message
 29867 | Swamp:1  | XOM: give mutations
 29867 | Swamp:1  | Gained mutation: You are partially covered in rugged brown
                  | scales. (AC +1, +3% HP) [Xom's grace]
 29867 | Swamp:1  | Gained mutation: You heal very quickly. [Xom's grace]
 29867 | Swamp:1  | Gained mutation: You possess an exceptional clarity of
                  | mind. [Xom's grace]
 30121 | Swamp:1  | XOM: destruction
 30128 | Swamp:1  | XOM: scenery: create altars
 30132 | Swamp:1  | XOM: fog
 30300 | Swamp:1  | XOM: divination: magic mapping
 30763 | Swamp:2  | XOM: enchant monster (good)
 30805 | Swamp:2  | XOM: cleaving
 30852 | Swamp:2  | XOM: silly message
 30938 | Swamp:2  | XOM: divine lightning
 30945 | Swamp:2  | XOM: cast spell 'Chain of Chaos'
 30957 | Swamp:2  | XOM: enchant monster (good)
 30976 | Swamp:2  | XOM: scenery: create altars
 30980 | Swamp:2  | XOM: repel stairs
 30992 | Swamp:2  | Reached skill level 23 in Fighting
 31548 | Swamp:2  | XOM: medium Tmut miscast
 31553 | Swamp:2  | XOM: chaos upgrade
 31556 | Swamp:2  | XOM: cast spell 'Call Canine Familiar'
 31645 | Swamp:2  | XOM: polymorph spriggan berserker -> tyrant leech
 31721 | Swamp:3  | XOM: cast spell 'Summon Ice Beast'
 31858 | Swamp:3  | XOM: give mutations
 31858 | Swamp:3  | Gained mutation: You have a pair of large horns on your
                  | head. [Xom's grace]
 31858 | Swamp:3  | Gained mutation: You passively map a small area around you.
                  | [Xom's grace]
 31859 | Swamp:3  | XOM: potion effect (haste)
 31867 | Swamp:3  | XOM: harmless Erth miscast
 31919 | Swamp:3  | XOM: potion effect (berserk rage)
 32249 | Swamp:3  | XOM: harmless Pois miscast
 32307 | Swamp:3  | XOM: potion effect (berserk rage)
 32399 | Swamp:3  | XOM: divination: detect creatures
 32419 | Swamp:4  | Entered Level 4 of the Swamp
 32433 | Swamp:4  | XOM: polymorph alligator -> satyr
 32464 | Swamp:4  | XOM: noise
 32504 | Swamp:4  | XOM: divine lightning
 32518 | Swamp:4  | XOM: smoke on damage
 32803 | Swamp:4  | XOM: smoke on damage
 32811 | Swamp:4  | XOM: mild Tmut miscast
 32845 | Swamp:4  | XOM: 4-stop teleportation journey
 32916 | Swamp:4  | Noticed a bone dragon
 32930 | Swamp:4  | XOM: cleaving
 32937 | Swamp:4  | Reached skill level 24 in Fighting
 32937 | Swamp:4  | XOM: destruction
 32941 | Swamp:4  | XOM: summons 8 hostile demons
 32945 | Swamp:4  | XOM: draining
 32975 | Swamp:4  | XOM: enchant monster (good)
 32983 | Swamp:4  | XOM: noise
 32988 | Swamp:4  | XOM: smoke on damage
 32993 | Swamp:4  | XOM: 1-stop teleportation journey
 32995 | Swamp:4  | XOM: summons 3 hostile shadow creatures
 33002 | Swamp:4  | XOM: enchant monster (bad)
 33003 | Swamp:4  | XOM: divine lightning
 33172 | Swamp:4  | XOM: summons 3 hostile shadow creatures
 33329 | Swamp:4  | Reached XP level 18. HP: 137/142 MP: 21/21
 33385 | Swamp:4  | Killed a bone dragon
 33397 | Swamp:4  | XOM: divination: detect creatures
 33406 | Swamp:4  | XOM: give mutations
 33406 | Swamp:4  | Lost mutation: You have sharp toenails. [Xom's mischief]
 33406 | Swamp:4  | Lost mutation: Your spells are harder to cast, but more
                  | powerful. [Xom's mischief]
 33435 | Swamp:4  | Got a decaying rune of Zot
 33500 | Swamp:4  | XOM: medium Chrm miscast
 33505 | Swamp:4  | XOM: summons 3 hostile demons
 33552 | Swamp:4  | XOM: enchant monster (bad)
 33585 | Swamp:4  | XOM: noise
 33586 | Swamp:4  | XOM: harmless Tloc miscast
 33685 | Swamp:4  | XOM: polymorph slime creature -> great orb of eyes
 33913 | Swamp:4  | XOM: summons 1 hostile demon
 34059 | Lair:5   | XOM: summons 3 hostile shadow creatures
 34081 | Lair:5   | XOM: medium Conj miscast
 34085 | Slime:1  | Entered Level 1 of the Pits of Slime
 34208 | Slime:1  | HP: 5/144 [acid (8)]
 34213 | Slime:1  | HP: 7/144 [acid (2)]
 34214 | Slime:1  | Demolished by an acid blob

Skill      XL: |  1  2  3  4  5  6  7  8  9 10 11 12 13 14 15 16 17 |
---------------+----------------------------------------------------+-----
Fighting       | 4 5 6 7 8 10 13 15 16 21 24 | 24.5
Maces & Flails | 7 10 12 15 | 15.5
Armour         | 5 11 12 | 12.2
Shields        | 7 11 | 11.1
Dodging        | |  0.7

Action                   |  1- 3 |  4- 6 |  7- 9 | 10-12 | 13-15 | 16-18 || total
-------------------------+-------+-------+-------+-------+-------+-------++-------
Melee: Mace              |    63 |       |       |       |   118 |   181 ||   362
       Whip              |    31 |   163 |   377 |   923 |  1233 |  1901 ||  4628
       Kick              |       |       |    81 |   269 |   265 |       ||   615
       Headbutt          |       |       |       |       |     2 |   614 ||   616
 Fire: Blowgun           |       |     1 |       |     9 |       |       ||    10
Throw: Tomahawk          |       |       |       |     1 |       |       ||     1
 Abil: Fly               |       |       |       |       |     1 |       ||     1
Evoke: Wand              |       |     2 |     1 |    17 |     2 |     6 ||    28
  Use: Scroll            |     5 |     3 |    13 |    15 |    10 |     6 ||    52
       Potion            |     8 |     1 |     5 |     2 |     4 |     4 ||    24
 Stab: Confused          |       |     1 |       |     3 |     4 |     5 ||    13
       Distracted        |       |       |       |     1 |       |     1 ||     2
       Petrified         |       |       |       |       |     4 |       ||     4
       Petrifying        |       |       |       |       |     1 |       ||     1
       Paralysed         |       |       |       |       |       |     3 ||     3
  Eat: Chunk             |     1 |     5 |     7 |     9 |    12 |    13 ||    47
       Ration            |       |       |     2 |     6 |     5 |     5 ||    18
Armor: Leather armour    |    39 |    58 |   101 |       |       |       ||   198
       Ring mail         |       |       |    22 |    26 |       |       ||    48
       Scale mail        |       |       |       |   268 |   701 |  1242 ||  2211
Dodge: Dodged            |    43 |    56 |   127 |   265 |   420 |   617 ||  1528
Block: Other             |     3 |    23 |       |       |       |       ||    26
       Reflection        |     1 |     5 |       |     5 |    11 |     5 ||    27
       Buckler           |       |    43 |   114 |   244 |   731 |  1048 ||  2180
